 Dungeon Sprint DCSS version 0.31-a0-460-g9e667d4245 (webtiles) character file.

Game seed: 743235254993650741

1336 rocky1 the Brawler (level 8, -9/72 HPs)
             Began as an Octopode Shapeshifter on Aug 5, 2023.
             Was an Initiate of Gozag.
             Mangled by a boulder beetle (11 damage)
             ... in the Dungeon (Sprint IX: "|||||||||||||||||||||||||||||").
             The game lasted 00:01:26 (729 turns).

rocky1 the Brawler (Octopode Shapeshifter)           Turns: 729, Time: 00:01:27

Health: -9/72      AC: 26    Str: 15    XL:     8   Next: 61%
Magic:  8/8        EV:  2    Int: 12    God:    Gozag
Gold:   387        SH:  0    Dex: 15    Spells: 7/7 levels left

rFire   . .          .
                       - Unarmed
rCold   . . .        (no shield)
rNeg    . . .        (helmet currently unavailable)
rPois   +            (no amulet)
rElec   .            k - +2 ring of protection
rCorr   .            l - +3 ring of dexterity
SInv    .            (no ring)
Will    .....        (no ring)
Stlth   +            (no ring)
HPRegen 0.32/turn    (no ring)
MPRegen 0.11/turn    (no ring)
                     (no ring)

%: no teleportation
@: tree-form, hasted, very quick
A: stationary, stasis, torment immunity, boosted hp, almost no armour,
(amphibious), 8 rings, (camouflage 1), (gelatinous body 1), (nimble swimmer 1),
(tentacles)
a: Renounce Religion, Potion Petition, Call Merchant, Bribe Branch


You were in the Dungeon.
You worshipped Gozag.
Gozag was aware of your devotion.
You were a tree.
You visited 1 branch You collected 387 gold pieces.

Inventory:

Jewellery
 k - a +2 ring of protection (left branch)
 l - a +3 ring of dexterity (right branch)
Talismans
 b - a beast talisman
Wands
 j - a wand of quicksilver (10)
Scrolls
 h - 2 scrolls of blinking
 i - 2 scrolls of amnesia
Potions
 c - 5 potions of curing
 f - 4 potions of magic


   Skills:
 - Level 1.0 Fighting
 - Level 2.0 Dodging
 + Level 15.0 Unarmed Combat
 - Level 10.0 Shapeshifting


You had 7 spell levels left.
You didn't know any spells.
Your spell library was empty.

Dungeon Overview and Level Annotations

Branches:
Dungeon (1/1)

Altars:
Cheibriados
Dithmenos
Elyvilon
Fedhas
Gozag
Hepliaklqana
Kikubaaqudgha
Makhleb
Nemelex Xobeh
Okawaru
Qazlal
Ru
Sif Muna
Trog
Uskayaw
Vehumet
Wu Jian
Xom
Yredelemnul
Zin
The Shining One
Jiyva
Lugonu


Innate Abilities, Weirdness & Mutations

You are a tree.
Your roots penetrate the ground, keeping you stationary.
You cannot be teleported.
You are immune to unholy pain and torment.
Your maximum health is greatly increased.
You cannot wear most types of armour.
((You are amphibious.))
You can wear up to eight rings at the same time.
((Your skin changes colour to match your surroundings (Stealth+).))
((Your rubbery body absorbs attacks. (AC +1, EV +1)))
((You are camouflaged when in or above water. (Stealth+)))
((You have tentacles for arms and can constrict up to eight enemies at once.))


Message History

The boulder beetle is moderately wounded.
The slime creature hits you! The boulder beetle bites you!
You smack the boulder beetle!
The boulder beetle is moderately wounded.
You hit the boulder beetle but do no damage.
The boulder beetle is moderately wounded.
The slime creature hits you!
* * * LOW HITPOINT WARNING * * *
The boulder beetle bites you!
* * * LOW HITPOINT WARNING * * *
You barely miss the boulder beetle.
The boulder beetle is moderately wounded.
The boulder beetle bites you but does no damage.
The slime creature hits you.
* * * LOW HITPOINT WARNING * * *
Two slime creatures merge to form a large slime creature.
You pummel the boulder beetle!!
The boulder beetle is heavily wounded.
Unknown command.
You hit the boulder beetle but do no damage.
The boulder beetle is heavily wounded.
The boulder beetle bites you.
* * * LOW HITPOINT WARNING * * *
You hit the boulder beetle but do no damage.
Your punch misses the boulder beetle.
The boulder beetle is heavily wounded.
Unknown command.
You hit the boulder beetle.
The boulder beetle is heavily wounded.
The boulder beetle bites you but does no damage.
You smack the boulder beetle!
Your punch misses the boulder beetle.
The boulder beetle is severely wounded.
You hit the boulder beetle but do no damage.
The boulder beetle is severely wounded.
You hit the boulder beetle.
You punch the boulder beetle, but do no damage.
The boulder beetle is severely wounded.
The boulder beetle bites you!
You die...
Your body crumbles into a pile of gold.

▓+▓
▓E▓
▓e▓
▓°▓
▓E▓
▓l▓
▓J▓
▓♣▓
▓B▓
$
▓.▓
$
▓.▓
$ $
▓.▓
$
▓)▓
$
▓)▓
▓'▓
$ $
▓.▓
$


You could see a boulder beetle, a large slime creature, a deep elf pyromancer, a
basilisk and 2 fire elementals.

Vanquished Creatures
  A catoblepas (D)
  A wraith (D)
  A shadow (D)
  An acid dragon (D)
  2 orc warriors (D)
  A phantom (D)
  A howler monkey (D)
  A hound (D)
  2 orcs (D)
  A bat (D)
  A giant cockroach (D)
  A goblin (D)
  A hobgoblin (D)
  A quokka (D)
  A kobold (D)
17 creatures vanquished.

Notes
Turn   | Place    | Note
-------+----------+-------------------------------------------
     0 | D        | rocky1 the Octopode Shapeshifter began the quest for the
                  | Orb.
     0 | D        | Reached XP level 1. HP: 13/13 MP: 1/1
     1 | D        | Banished a spatial maelstrom
    22 | D        | Noticed a hound
    22 | D        | Noticed a phantom
    30 | D        | Killed a phantom
    31 | D        | Reached skill level 6 in Unarmed Combat
    31 | D        | Reached skill level 5 in Shapeshifting
    31 | D        | Reached XP level 2. HP: 13/18 MP: 2/2
    31 | D        | Reached XP level 3. HP: 16/23 MP: 3/3
    31 | D        | Reached XP level 4. HP: 20/28 MP: 4/4
    41 | D        | Reached skill level 7 in Unarmed Combat
    41 | D        | Reached XP level 5. HP: 7/33 MP: 5/5
   305 | D        | Found a snail-covered altar of Cheibriados.
   305 | D        | Found a shadowy altar of Dithmenos.
   305 | D        | Found a white marble altar of Elyvilon.
   305 | D        | Found a blossoming altar of Fedhas.
   305 | D        | Found an opulent altar of Gozag.
   306 | D        | Found a hazy altar of Hepliaklqana.
   307 | D        | Found a viscous altar of Jiyva.
   308 | D        | Found an ancient bone altar of Kikubaaqudgha.
   309 | D        | Found a corrupted altar of Lugonu.
   310 | D        | Found a burning altar of Makhleb.
   311 | D        | Found a sparkling altar of Nemelex Xobeh.
   312 | D        | Found an iron altar of Okawaru.
   313 | D        | Found a stormy altar of Qazlal.
   315 | D        | Became a worshipper of Gozag Ym Sagoz the Greedy
   317 | D        | Found a sacrificial altar of Ru.
   318 | D        | Found a shimmering blue altar of Sif Muna.
   319 | D        | Found a bloodstained altar of Trog.
   320 | D        | Found a hide-covered altar of Uskayaw.
   321 | D        | Found a radiant altar of Vehumet.
   322 | D        | Found an ornate altar of the Wu Jian Council.
   323 | D        | Found a shimmering altar of Xom.
   324 | D        | Found a basalt altar of Yredelemnul.
   325 | D        | Found a glowing silver altar of Zin.
   326 | D        | Found a glowing golden altar of the Shining One.
   334 | D        | Found the +7 captain's cutlass {speed, disarm}
   352 | D        | Noticed a shadow
   352 | D        | Noticed an orc warrior
   352 | D        | Noticed a wraith
   352 | D        | Noticed an orc warrior
   352 | D        | Noticed an acid dragon
   361 | D        | Killed an acid dragon
   362 | D        | Reached skill level 8 in Unarmed Combat
   362 | D        | Reached XP level 6. HP: 3/38 MP: 6/6
   368 | D        | Reached skill level 9 in Unarmed Combat
   372 | D        | Killed an orc warrior
   373 | D        | Reached skill level 10 in Unarmed Combat
   378 | D        | Killed a wraith
   379 | D        | Reached skill level 11 in Unarmed Combat
   379 | D        | Reached XP level 7. HP: 22/43 MP: 7/7
   383 | D        | Killed a shadow
   384 | D        | Reached skill level 12 in Unarmed Combat
   384 | D        | Reached skill level 10 in Shapeshifting
   696 | D        | Noticed a deep elf pyromancer
   696 | D        | Noticed a boulder beetle
   696 | D        | Noticed a slime creature
   696 | D        | Noticed a catoblepas
   696 | D        | Noticed a basilisk
   696 | D        | Noticed a slime creature
   705 | D        | Killed a catoblepas
   706 | D        | Reached skill level 15 in Unarmed Combat
   706 | D        | Reached XP level 8. HP: 48/48 MP: 8/8
   724 | D        | HP: 1/72 [boulder beetle (6)]
   729 | D        | Mangled by a boulder beetle

Illustrated notes

Levels and vault maps discovered:
D:        linesprint [early_d, line_temple, items_1, d_10, items_2, lair_1,
          lair_end, items_3, orc_1, orc_end, items_4, d_15, swamp_1, shoals_1,
          snake_1, spider_1, d_20, vaults_1, items_5, swamp_end, shoals_end,
          snake_end, spider_end, vaults_end, d_27, items_6, zot_1, zot_end,
          crypt_end, forest_end, elf_end, slime_end, tomb_end, abyss_end,
          pan_hell_end]

Skill      XL: |  1  2  3  4  5  6  7 |
---------------+----------------------+-----
Unarmed Combat | 6 7 8 11 15 | 15.0
Shapeshifting  | 5 6 7 9 10 | 10.0
Fighting       | |  1.0
Dodging        | |  2.0

Action                     |  1- 3 |  4- 6 |  7- 9 || total
---------------------------+-------+-------+-------++-------
  Melee: Unarmed           |    16 |    29 |    25 ||    70
         Constrict         |     4 |     4 |     1 ||     9
         Tentacles         |     3 |     1 |     2 ||     6
         Punch             |       |     3 |     2 ||     5
    Use: Potion            |     1 |     3 |     3 ||     7
   Stab: Invisible         |       |     5 |     1 ||     6
 Armour: Skin              |     2 |     3 |    12 ||    17
  Dodge: Dodged            |     7 |    11 |     3 ||    21

Table legend: (Time is in decaauts)
 A = Elapsed time spent in this place.
 B = Non-inter-level travel time spent in this place.
 C = Inter-level travel time spent in this place.
 D = Time resting spent in this place.
 E = Time spent auto-exploring this place.
 F = Levels seen in this place.
 G = Mean time per level.
                   A        B        C        D        E       F      G
               +--------+--------+--------+--------+--------+-----+--------+
         Total |    726 |    726 |      0 |    573 |      0 |   1 |  726.0 |
       Dungeon |    726 |    726 |      0 |    573 |      0 |   1 |  726.0 |
               +--------+--------+--------+--------+--------+-----+--------+

Top non-repeatable levels by time:
       D: 726 daAuts
